Map: Eternal Empire LE

Players

ViBE

  • Race: Zerg Zerg
  • League: Silver
  • Spawn Location: 1:00

Zen - Winner!

  • Race: Protoss Protoss
  • Spawn Location: 7:00

VOD

Have the link to the VOD?

Description

Time

  • Played on: Dec. 5, 2019, 9:45 p.m.
  • Length: 5:54
Show
View Real Time Build Order
Export as new Build Order

ViBE Zerg 

Build Orders: Hatch First 

Get SALT Encoding   

  12  0:01  Drone  
  13  0:13  Overlord  
  13  0:19  Drone  
  14  0:32  Drone x2  
  16  0:41  Drone  
  17  0:55  Hatchery  
  16  0:59  Drone  
  17  1:06  Drone  
  18  1:16  Spawning Pool  
  17  1:21  Drone  
  17  1:25  Drone  
  19  1:28  Drone  
  20  1:39  Extractor  
  19  1:48  Overlord  
  19  1:58  Drone  
  20  2:03  Queen  
  20  2:06  Queen  
  20  2:07  Drone  
  20  2:08  Drone  
  26  2:14  Drone  
  27  2:21  Drone  
  28  2:23  Drone  
  28  2:29  Overlord  
  29  2:32  Drone  
  30  2:39  Drone  
  31  2:45  Lair, Queen  
  31  2:46  Drone  
  34  2:59  Drone x2  
  36  3:07  Drone x2  
  38  3:14  Drone  
  38  3:15  Drone x4  
  38  3:16  Roach Warren  
  38  3:18  Overlord  
  42  3:28  Drone x2  
  42  3:29  Drone, Extractor x2  
  43  3:34  Evolution Chamber  
  43  3:39  Hatchery  
  41  3:42  Drone x2  
  41  3:46  Drone x2  
  45  3:49  Drone x2  
  45  3:51  Drone  
  45  3:53  Drone  
  49  3:56  Overlord  
  49  4:00  Overlord  
  49  4:03  Glial Reconstitution  
  49  4:12  Queen  
  51  4:21  Overlord  
  51  4:22  Roach x2  
  51  4:23  Roach  
  57  4:35  Roach x5  
  67  4:39  Overlord  
  67  4:46  Drone x3  
  70  4:56  Drone x5  
  75  5:02  Overlord x2  
  75  5:04  Drone x3  
  78  5:08  Drone  
  76  5:16  Roach x2  
  76  5:19  Roach  
  76  5:23  Roach  
  76  5:28  Roach x6  
Show
View Real Time Build Order
Export as new Build Order

Zen Protoss - Winner!

Build Orders: 1 Gate Expand 

Get SALT Encoding   

  12  0:00  Probe  
  13  0:13  Probe  
  14  0:20  Pylon  
  14  0:25  Probe  
  15  0:38  Probe (Chrono Boost)  
  15  0:40  Gateway  
  17  0:50  Probe (Chrono Boost)  
  17  0:54  Assimilator  
  17  0:57  Probe (Chrono Boost)  
  18  1:04  Pylon, Probe (Chrono Boost)  
  19  1:16  Probe (Chrono Boost)  
  20  1:21  Probe (Chrono Boost)  
  21  1:30  Probe  
  22  1:41  Nexus  
  22  1:45  Probe  
  23  1:54  Cybernetics Core  
  23  1:57  Probe  
  24  2:02  Assimilator  
  24  2:09  Probe (Chrono Boost)  
  25  2:21  Probe (Chrono Boost)  
  26  2:28  Probe (Chrono Boost)  
  27  2:34  Twilight Council  
  27  2:35  Stalker  
  27  2:36  Warp Gate  
  29  2:38  Probe  
  30  2:50  Gateway  
  30  2:52  Probe  
  30  2:57  Probe  
  32  3:02  Pylon  
  32  3:06  Probe  
  32  3:09  Probe  
  34  3:13  Robotics Facility  
  33  3:21  Probe  
  33  3:22  Charge  
  34  3:29  Gateway  
  34  3:30  Gateway  
  34  3:38  Gateway  
  34  3:42  Gateway  
  34  3:48  Gateway  
  34  3:56  Gateway  
  34  3:59  Warp Prism (Chrono Boost)  
  36  4:27  Zealot x3  
  36  4:28  Zealot  
  44  4:34  Zealot  
  44  4:37  Zealot  
  48  4:44  Zealot  
  50  4:53  Pylon  
  50  4:58  Pylon  
  50  4:59  Pylon  
  50  5:00  Pylon  
  50  5:01  Pylon  
  50  5:07  Zealot x2  
  54  5:26  Zealot x3  
  54  5:27  Zealot x5  
  56  5:47  Zealot x8  
Tags
 
Add a new tag
Caveats
  • Supply blocks, unpowered buildings, or Contaminate may cause inaccurate times.
  • Supply counts are checked every 10 seconds.